 Dungeon Crawl Stone Soup version 0.29-a0-517-gbdf32494f2 (webtiles) character file.

Game seed: 2888548913908473199

1401 xian the Gusty (level 8, -5/62 HPs)
             Began as a White Draconian Air Elementalist on May 30, 2022.
             Shot with an arrow by a centaur (11 damage)
             ... on level 6 of the Dungeon.
             The game lasted 00:16:27 (6525 turns).

xian the Gusty (White Draconian Air Elementalist)   Turns: 6525, Time: 00:16:28

Health: -5/62      AC:  3    Str: 13    XL:     8   Next: 41%
Magic:  14/14      EV: 13    Int: 13    God:
Gold:   377        SH:  5    Dex: 13    Spells: 11/15 levels left

rFire   + + .      SeeInvis .   E - +5 lajatang of Forgiveness {flame, rF+ rC+ Str+3}
rCold   + . .      Faith    .   (shield currently unavailable)
rNeg    + + +      Spirit   .   (body armour unavailable)
rPois   +          Reflect  +   (helmet restricted)
rElec   +          Harm     .   (no cloak)
rCorr   .          Rampage  .   e - +0 pair of gloves
Will    .....                   (no boots)
Stlth   ++........              B - amulet of reflection
HPRegen 0.20/turn               q - ring of poison resistance
MPRegen 0.14/turn               u - ring of the Hippo {Fire rElec rPois rN+++ Int-4}

@: short of breath, corroded
A: breathe frost, AC +6, unfitting armour, cold resistance 1, cold-blooded
a: Breathe Frost


You were on level 6 of the Dungeon.
You visited 1 branch of the dungeon, and saw 6 of its levels.

You collected 377 gold pieces.

Inventory:

Hand Weapons
 z - a +7 club
 E - the +5 lajatang of Forgiveness (weapon) {flame, rF+ rC+ Str+3}
   (You found it on level 4 of the Dungeon)

   It burns those it strikes, dealing additional fire damage.
   Big, fiery blades are also staple armaments of hydra-hunters.
   Str:       It affects your strength (+3).
   rF:        It protects you from fire.
   rC:        It protects you from cold.
Missiles
 D - a throwing net
 H - 2 atropa-tipped darts
Armour
 e - a +0 pair of gloves (worn)
 n - the +2 shield of Resistance {rF++ rC++ Will++}
   (You found it on level 2 of the Dungeon)

   rF:        It greatly protects you from fire.
   rC:        It greatly protects you from cold.
   Will:      It greatly increases your willpower.
Jewellery
 f - a ring of protection from fire
 q - a ring of poison resistance (left hand)
 u - the ring of the Hippo (right hand) {Fire rElec rPois rN+++ Int-4}
   (You found it on level 2 of the Dungeon)

   [ring of fire]

   It enhances your fire magic.
   Int:       It affects your intelligence (-4).
   rF:        It protects you from fire.
   rC:        It makes you vulnerable to cold.
   rElec:     It insulates you from electricity.
   rPois:     It protects you from poison.
   rN:        It renders you almost immune to negative energy.
 B - an amulet of reflection (around neck)
 F - a ring of protection from fire
Wands
 p - a wand of mindburst (15)
 v - a wand of iceblast (9)
 G - a wand of flame (18)
Scrolls
 b - 2 scrolls of noise {unknown}
 d - 4 scrolls of teleportation {unknown}
 h - a scroll of blinking {unknown}
 j - 6 scrolls of identify {unknown}
 k - a scroll of fear {unknown}
 l - 2 scrolls of silence {unknown}
 m - 2 scrolls of brand weapon {unknown}
 o - 2 scrolls of magic mapping {unknown}
 s - a scroll of amnesia {unknown}
 y - 2 scrolls of immolation {unknown}
 A - a scroll of enchant armour {unknown}
Potions
 a - a potion of magic
 c - 3 potions of lignification {unknown}
 g - a potion of mutation {unknown}
 i - 2 potions of attraction {unknown}
 r - a potion of heal wounds {unknown}
 t - 6 potions of curing {unknown}
 w - a potion of might {unknown}
 x - 2 potions of ambrosia {unknown}
 C - a potion of haste {unknown}


   Skills:
 + Level 2.4 Fighting
 + Level 1.2 Short Blades
 + Level 1.8(3.3) Maces & Flails
 + Level 4.3(4.6) Staves
 + Level 3.2 Dodging
 + Level 3.4 Stealth
 + Level 1.6 Shields
 + Level 4.0 Spellcasting
 + Level 3.8 Conjurations
 + Level 5.1 Air Magic


You had 11 spell levels left.
You knew the following spells:

 Your Spells              Type           Power      Damage    Failure   Level
a - Shock                 Conj/Air       56%        1d6       3%          1
b - Static Discharge      Conj/Air       14%        N/A       4%          2
c - Summon Small Mammal   Summ           8%         N/A       21%         1

Your spell library contained the following spells:

 Spells                   Type           Power      Damage    Failure   Level
 Magic Dart               Conj           48%        1d5       4%          1
 Swiftness                Air            16%        N/A       8%          3
 Foxfire                  Conj/Fire      44%        2x1d6     10%         1
 Mephitic Cloud           Conj/Pois/Air  10%        N/A       19%         3
 Airstrike                Air            8%         N/A       24%         4
 Conjure Flame            Conj/Fire      11%        6-21      28%         3
 Call Imp                 Summ           2%         N/A       30%         2
 Call Canine Familiar     Summ           2%         N/A       52%         3
 Inner Flame              Hex/Fire       3%         N/A       52%         3
 Ozocubu's Armour         Ice            2%         N/A       52%         3
 Portal Projectile        Hex/Tloc       4%         N/A       52%         3
 Summon Guardian Golem    Hex/Summ       2%         N/A       52%         3
 Flame Wave               Conj/Fire      11%        2d5       67%         4
 Leda's Liquefaction      Hex/Erth       1%         N/A       90%         4
 Metabolic Englaciation   Hex/Ice        1%         N/A       99%         5
 Simulacrum               Ice/Necr       1%         N/A       100%        6


Dungeon Overview and Level Annotations

Branches:
Dungeon (6/15)
 Temple: D:4-7

Altars:
Okawaru

Shops:
D:3 =


Innate Abilities, Weirdness & Mutations

You can breathe waves of freezing cold which knock back foes.
Your icy white scales are hard. (AC +6)
You cannot fit into any form of body armour.
Your flesh is cold resistant. (rC+)
You are cold-blooded and may be slowed by cold attacks.


Message History

You see here a +0 ring mail.
There is an open door here.
Done exploring.
Done exploring.
Sorry, I don't know how to get there.
You can't go down here!
There is an open door here.
Why would you want to do that? Why would you want to do that?
Why would you want to do that?
There is a stone staircase leading down here.
You climb downwards.
Found a stone staircase leading down.
There is a stone staircase leading up here.
There is a stone staircase leading down here.
There is a stone staircase leading up here.
You open the door.
A centaur comes into view.
The centaur shouts!
You hear a roar!
The centaur wields a +0 shortbow.
The centaur shoots an arrow.
The arrow hits you.
Aiming: Breathe Frost (4% risk of failure)
Press: ? - help, Shift-Dir - straight line, f - centaur
Aim: a centaur, wielding a +0 shortbow (81% to hit)
You exhale a wave of freezing cold.
The freezing breath hits the centaur!
The centaur is heavily wounded.
The centaur shoots an arrow.
The arrow hits you!
An acid dragon comes into view.
The centaur shoots an arrow.
The arrow closely misses you.
The acid dragon roars!
There is an open door here.
The centaur shoots an arrow.
The arrow hits you. The acid dragon spits acid at you.
The splash of acid hits you!! The acid corrodes you!
You hear a bark!
Unknown command.
The centaur shoots an arrow.
The arrow hits you!
* * * LOW HITPOINT WARNING * * *
The centaur shoots an arrow.
The arrow hits you!
You die...

###.### #.....#
####.#.#.# ##+#
#......#.# ##...#
#......#.# #.....#
###......#.#
.......##..........#
........#.#.....#..#
........@....#.....#
..D..c..####.#.....#
.......## #.#.#####
#.....# #...# ##...#
##.## ##'# .# #. #


You could see an acid dragon (catching breath) and a centaur.

Vanquished Creatures
  The ghost of avis the Skirmisher, an amateur OgTm (D:4)
  Sigmund (D:5)
  Duvessa (D:5)
  A centaur (D:4)
  A phantom (D:4)
  A necrophage (D:5)
  A scorpion (D:4)
  Dowan (D:5)
  A hound (D:5)
  3 orc priests
  Jessica (D:3)
  5 iguanas
  3 orc wizards
  Robin (D:2)
  7 adders
  An ufetubus (D:5)
  4 worms
  3 dart slugs
  15 orcs
  7 ball pythons
  7 bats
  16 endoplasms
  5 giant cockroaches
  9 goblins
  6 hobgoblins
  9 jackals
  6 quokkas
  5 frilled lizards
  8 kobolds
  5 rats
135 creatures vanquished.

Notes
Turn   | Place    | Note
-------+----------+-------------------------------------------
     0 | D:1      | xian the Draconian Air Elementalist began the quest for the
                  | Orb.
     0 | D:1      | Reached XP level 1. HP: 14/14 MP: 3/3
   126 | D:1      | Reached XP level 2. HP: 11/20 MP: 5/5
   740 | D:1      | Learned a level 2 spell: Static Discharge
   742 | D:1      | Learned a level 1 spell: Summon Small Mammal
   778 | D:1      | Reached XP level 3. HP: 26/26 MP: 2/6
  1600 | D:2      | Found the +2 shield of Resistance {rF++ rC++ Will++}
  1624 | D:2      | Reached XP level 4. HP: 34/34 MP: 3/7
  2169 | D:2      | Identified the ring of the Hippo {Fire rElec rPois rN+++
                  | Int-4}
  2377 | D:2      | Noticed Robin
  2387 | D:2      | Killed Robin
  2394 | D:2      | Reached XP level 5. HP: 35/39 MP: 2/9
  2494 | D:2      | Reached skill level 4 in Air Magic
  2758 | D:3      | Reached skill level 1 in Short Blades
  3012 | D:3      | Noticed Jessica
  3016 | D:3      | Killed Jessica
  3017 | D:3      | Reached XP level 6. HP: 46/46 MP: 7/10
  3108 | D:3      | Found Qehair's Jewellery Emporium.
  3764 | D:4      | Identified the +5 lajatang of Forgiveness {flame, rF+ rC+
                  | Str+3}
  3945 | D:4      | Reached skill level 1 in Maces & Flails
  4094 | D:4      | Found a runed translucent gate.
  4094 | D:4      | Found a runed translucent gate.
  4094 | D:4      | Found a runed translucent gate.
  4094 | D:4      | Noticed avis's ghost (amateur OgTm)
  4111 | D:4      | Killed avis's ghost
  4112 | D:4      | Reached skill level 1 in Fighting
  4112 | D:4      | Reached skill level 1 in Shields
  4112 | D:4      | Your scales start taking on an icy white colour.
  4112 | D:4      | Reached XP level 7. HP: 21/52 MP: 12/12
  4112 | D:4      | Gained mutation: Your flesh is cold resistant. (rC+) [White
                  | Draconian growth]
  4983 | D:5      | Entered Level 5 of the Dungeon
  5020 | D:5      | Noticed Dowan
  5022 | D:5      | Noticed Duvessa
  5032 | D:5      | Killed Duvessa
  5033 | D:5      | Reached skill level 5 in Air Magic
  5033 | D:5      | Killed Dowan
  5034 | D:5      | Reached XP level 8. HP: 43/61 MP: 13/13
  5201 | D:5      | Noticed Sigmund
  5210 | D:5      | Killed Sigmund
  5927 | D:5      | Found an iron altar of Okawaru.
  6525 | D:6      | Shot with an arrow by a centaur

Illustrated notes

Levels and vault maps discovered:
D:1:      lightli_arrival_lavapool, layout_rooms, minivault_27, minmay_3d_cube
D:2:      cheibrodos_pilgrimage, layout_loops_ring, minmay_octomino_j4,
          uniq_robin
D:3:      layout_loops_ring, serial_shops, shop_fountains, uniq_jessica
D:4:      layout_layer_cave, ebering_ghost_rock_garden, minivault_24
D:5:      layout_layer_cave, general_overflow_altar, uniq_duvessa, uniq_sigmund
D:6:      minmay_skewed_foursquare, layout_loops_corners,
          minmay_temple_entry_large_hall, hex_large

Skill      XL: |  1  2  3  4  5  6  7  8 |
---------------+-------------------------+-----
Dodging        | 2 3 |  3.2
Stealth        | 2 3 |  3.4
Conjurations   | 2 3 |  3.8
Air Magic      | 4 5 |  5.1
Spellcasting   | 3 4 |  4.0
Short Blades   | 1 |  1.2
Maces & Flails | 1 |  1.8
Fighting       | 1 2 |  2.4
Staves         | 2 3 4 |  4.3
Shields        | 1 |  1.6

Action                   |  1- 3 |  4- 6 |  7- 9 || total
-------------------------+-------+-------+-------++-------
Melee: Dagger            |    31 |       |       ||    31
       Unarmed           |     2 |       |       ||     2
       Tailslap          |     6 |    17 |     9 ||    32
       Short sword       |    47 |    66 |       ||   113
       Club              |       |    37 |       ||    37
       Lajatang          |       |    24 |    48 ||    72
 Cast: Shock             |    56 |    81 |    24 ||   161
 Abil: Breathe Frost     |       |       |     7 ||     7
 Stab: Sleeping          |       |     2 |       ||     2
Armor: Skin              |    50 |    31 |     9 ||    90
Dodge: Dodged            |    88 |    32 |    29 ||   149
Block: Kite shield       |     1 |    53 |       ||    54
       Other             |       |     3 |     5 ||     8

Table legend: (Time is in decaauts)
 A = Elapsed time spent in this place.
 B = Non-inter-level travel time spent in this place.
 C = Inter-level travel time spent in this place.
 D = Time resting spent in this place.
 E = Time spent auto-exploring this place.
 F = Levels seen in this place.
 G = Mean time per level.
                   A        B        C        D        E       F      G
               +--------+--------+--------+--------+--------+-----+--------+
         Total |   6540 |   6415 |    125 |    187 |   4895 |   6 | 1090.0 |
       Dungeon |   6540 |   6415 |    125 |    187 |   4895 |   6 | 1090.0 |
               +--------+--------+--------+--------+--------+-----+--------+

Top non-repeatable levels by time:
     D:5: 1528 daAuts
     D:4: 1430 daAuts
     D:1: 1295 daAuts
     D:2: 1280 daAuts
     D:3: 984 daAuts
     D:6: 20 daAuts
